 Dungeon Crawl Stone Soup version 0.31-a0-43-g46d131a48f (webtiles) character file.

Game seed: 7275774424175004639

1295 hadoken the Skirmisher (level 8, -3/44 HPs)
             Began as a Tengu Hunter on May 19, 2023.
             Was an Initiate of Vehumet.
             Killed from afar by an electric eel (12 damage)
             ... with a bolt of electricity
             ... on level 6 of the Dungeon.
             The game lasted 00:11:36 (5100 turns).

hadoken the Skirmisher (Tengu Hunter)               Turns: 5100, Time: 00:11:37

Health: -3/44      AC: 16    Str: 11    XL:     8   Next: 56%
Magic:  9/9        EV: 16    Int: 10    God:    Vehumet [......]
Gold:   312        SH:  0    Dex: 20    Spells: 7/7 levels left

rFire   . . .        a - +1 shortbow
rCold   . . .        (shield currently unavailable)
rNeg    . . .        o - quicksilver dragon scales
rPois   .            (helmet restricted)
rElec   .            s - +1 cloak {Stlth+}
rCorr   .            u - +0 pair of gloves
SInv    .            (boots unavailable)
Will    +....        d - amulet of magic regeneration
Stlth   ++           D - +4 ring of protection
HPRegen 0.27/turn    (no ring)
MPRegen 0.51/turn

%: no passive effects
@: flying quickly and evasively, quick
A: beak, talons 3, nimble flight
a: Renounce Religion


You were on level 6 of the Dungeon.
You worshipped Vehumet.
Vehumet was noncommittal.
You visited 2 branches of the dungeon, and saw 7 of its levels.

You collected 312 gold pieces.

Inventory:

Hand Weapons
 a - a +1 shortbow (weapon)
 q - a +0 dagger of holy wrath
 w - the +7 spear of Cataclysm {pain, Str+7}
   (You found it on level 3 of the Dungeon)

   Str:       It affects your strength (+7).
Missiles
 l - 6 curare-tipped darts
Armour
 o - quicksilver dragon scales (worn)
 s - a +1 cloak of stealth (worn)
 u - a +0 pair of gloves (worn)
Jewellery
 d - an amulet of magic regeneration (around neck)
 D - a +4 ring of protection (left hand)
Wands
 x - a wand of flame (28)
Scrolls
 b - 2 scrolls of immolation
 c - a scroll of magic mapping {unknown}
 f - a scroll of torment {unknown}
 h - 2 scrolls of vulnerability
 i - a scroll of blinking
 j - 3 scrolls of noise
 k - a scroll of enchant weapon
 t - 3 scrolls of amnesia {unknown}
 v - 4 scrolls of fog {unknown}
 y - 2 scrolls of silence
Potions
 e - a potion of lignification
 g - a potion of ambrosia
 m - 2 potions of flight
 n - a potion of might
 p - a potion of berserk rage
 r - a potion of mutation
 z - a potion of resistance
 A - a potion of degeneration {unknown}
 B - 2 potions of heal wounds {unknown}
 C - 2 potions of invisibility {unknown}


   Skills:
 - Level 2.0 Fighting
 * Level 10.1 Ranged Weapons
 + Level 6.7 Dodging
 - Level 1.0 Stealth


You had 7 spell levels left.
You didn't know any spells.
Your spell library contained the following spells:

 Spells                   Type           Power      Damage    Failure   Level
 Gell's Gravitas          Tloc           0%         N/A       95%         3
 Teleport Other           Tloc           0%         N/A       95%         3
 Dispersal                Tloc           0%         N/A       100%        6


Dungeon Overview and Level Annotations

Branches:
Dungeon (6/15)             Temple (1/1) D:5

Altars:
Ashenzari
Elyvilon
Gozag
Hepliaklqana
Kikubaaqudgha
Makhleb
Nemelex Xobeh
Okawaru
Qazlal
Trog
Uskayaw
Vehumet
Wu Jian
Yredelemnul
Zin

Shops:
D:1 (   D:3 [   D:5 =   D:6 (


Innate Abilities, Weirdness & Mutations

You have a beak for a mouth.
You have claws for feet.
Your magical nature lets you fly swiftly and evasively.


Message History

The bolt of electricity hits the plant!
The bolt of electricity hits you.
The bolt of electricity hits the plant!
You hear a shout! x2 3 gnolls come into view.
The gnoll shouts!
You shoot an arrow. The gnoll shouts!
The arrow hits the electric eel.
The electric eel is moderately wounded.
An electric eel comes into view.
You shoot an arrow.
The arrow closely misses the electric eel.
The arrow hits the gnoll!
The gnoll is severely wounded.
A nearby plant withers and dies.
The electric eel shoots out a bolt of lightning at you!
The bolt of electricity hits you!
You shoot an arrow. The arrow hits the electric eel.
The electric eel is severely wounded.
A nearby plant withers and dies.
The electric eel shoots out a bolt of lightning at you!
The bolt of electricity hits you.
The electric eel shoots out a bolt of lightning at you!
The bolt of electricity misses you.
You shoot an arrow.
The arrow closely misses the electric eel.
The arrow barely misses the gnoll.
The arrow hits the gnoll.
The gnoll is severely wounded.
The electric eel shoots out a bolt of lightning at you!
The bolt of electricity hits you!
The electric eel shoots out a bolt of lightning at you!
The bolt of electricity hits you.
The electric eel shoots out a bolt of lightning at you!
The bolt of electricity hits you.
The electric eel shoots out a bolt of lightning at you!
The bolt of electricity hits the plant.
The plant begins to die.
The bolt of electricity hits you!
* * * LOW HITPOINT WARNING * * *
The bolt of electricity hits you!
You die...

.. ########.... ... #.###
.... #.# # #.......###### #.#
# #............# #.###
.####.. ....##.#.# #.##.
....#.. # ###.#.##### #.#..
~~P....#####...#.....# #.#..
~~~.~.....##@#.#.###.####.##.
≈PP≈~~~P~....................
≈≈≈≈≈~~~~.~~.~~~...........##
g≈≈≈≈S≈~PP..≈~PP≈~~≈~.P.####
~≈≈≈≈≈≈S~~~≈≈≈≈≈≈≈≈≈~≈≈≈≈≈###
~~P~≈~≈≈≈~~~P~≈≈≈≈≈≈≈≈≈≈≈≈≈≈≈
~.~.~g~~P.~~~..~≈~≈≈≈≈≈≈≈≈≈≈≈
.......~~.....~~~~P~~..######
....?.......................#


You could see 2 electric eels and a gnoll.

Vanquished Creatures
  A water moccasin (D:6)
  2 black bears (D:6)
  2 ice beasts (D:6)
  A phantom (D:4)
  Blork the orc (D:4)
  A scorpion (D:5)
  2 hounds (D:5)
  A jelly (D:4)
  3 orc priests
  Crazy Yiuf (D:2)
  5 iguanas
  Terence (D:2)
  Natasha (thrice) (D:2)
  Robin (D:2)
  3 gnolls (D:4)
  2 adders
  A white imp (D:6)
  2 dart slugs
  2 worms (D:2)
  18 orcs
  3 ball pythons
  3 endoplasms
  2 giant cockroaches
  12 goblins
  11 hobgoblins
  4 jackals (D:1)
  2 quokkas
  6 bats
  3 frilled lizards
  7 kobolds
  6 rats
112 creatures vanquished.

Notes
Turn   | Place    | Note
-------+----------+-------------------------------------------
     0 | D:1      | hadoken the Tengu Hunter began the quest for the Orb.
     0 | D:1      | Reached XP level 1. HP: 12/12 MP: 2/2
    87 | D:1      | Reached XP level 2. HP: 17/17 MP: 3/3
   276 | D:1      | Found Uribbic's Antique Weapon Boutique.
   322 | D:1      | Reached skill level 5 in Ranged Weapons
   788 | D:2      | Reached XP level 3. HP: 21/21 MP: 4/4
   834 | D:2      | Noticed Robin
   844 | D:2      | Killed Robin
   945 | D:2      | Reached XP level 4. HP: 26/26 MP: 5/5
   991 | D:2      | Found a burning altar of Makhleb.
  1075 | D:2      | Found a runed translucent door.
  1076 | D:2      | Noticed Crazy Yiuf
  1141 | D:2      | Noticed Natasha
  1151 | D:2      | Killed Natasha
  1214 | D:2      | Noticed Natasha
  1220 | D:2      | Killed Natasha
  1221 | D:2      | Reached skill level 6 in Ranged Weapons
  1330 | D:2      | Noticed Terence
  1334 | D:2      | Killed Terence
  1335 | D:2      | Gained mutation: Your magical nature lets you fly swiftly
                  | and evasively. [Tengu growth]
  1335 | D:2      | Reached XP level 5. HP: 30/30 MP: 6/6
  1385 | D:2      | Noticed Natasha
  1389 | D:2      | Killed Natasha
  1411 | D:2      | Found a faded altar of an unknown god.
  1508 | D:2      | Killed Crazy Yiuf
  1682 | D:3      | Found a faded altar of an unknown god.
  1852 | D:3      | Identified the +7 spear of Cataclysm {pain, Str+7}
  1871 | D:3      | Found a sparkling altar of Nemelex Xobeh.
  1904 | D:3      | Found a basalt altar of Yredelemnul.
  2055 | D:3      | Found Xoschuit's Antique Armour Shop.
  2226 | D:3      | Found an ornate altar of the Wu Jian Council.
  2300 | D:3      | Found a burning altar of Makhleb.
  2330 | D:3      | Reached XP level 6. HP: 35/35 MP: 7/7
  2499 | D:4      | Reached skill level 7 in Ranged Weapons
  2606 | D:4      | Noticed Blork the orc
  2611 | D:4      | Killed Blork the orc
  2762 | D:4      | Reached XP level 7. HP: 29/40 MP: 8/8
  2825 | D:4      | Reached skill level 5 in Dodging
  2867 | D:4      | You are sucked into a shaft and drop 2 floors!
  2885 | D:6      | Reached skill level 8 in Ranged Weapons
  3087 | D:5      | Entered Level 5 of the Dungeon
  3283 | D:5      | Found a staircase to the Ecumenical Temple.
  3323 | Temple   | Entered the Ecumenical Temple
  3651 | D:5      | Found Loywnuun's Jewellery Boutique.
  3969 | D:5      | Reached skill level 9 in Ranged Weapons
  3969 | D:5      | Reached XP level 8. HP: 44/44 MP: 9/9
  4654 | D:4      | Found an ancient bone altar of Kikubaaqudgha.
  4699 | D:4      | Found an iron altar of Okawaru.
  4699 | D:4      | Found a radiant altar of Vehumet.
  4703 | D:4      | Became a worshipper of Vehumet
  4973 | D:6      | Found an opulent altar of Gozag.
  4974 | D:6      | Found a glowing silver altar of Zin.
  5004 | D:6      | Found Vuifiy's Antique Weapon Emporium.
  5064 | D:6      | Reached skill level 10 in Ranged Weapons
  5100 | D:6      | Killed from afar by an electric eel

Illustrated notes

Levels and vault maps discovered:
D:1:      mrwooster_arrival_statue_3, layout_loops_ring, serial_shops, shop,
          minmay_box_of_dots
D:2:      layout_basic, hellmonk_ecumenical_altar_leap_of_faith, basic_altar,
          uniq_robin, uniq_terence, uniq_crazy_yiuf_cottage, uniq_natasha
D:3:      layout_loops_ring, lemuel_crystal_altar,
          nicolae_overflow_ecumenical_swirl, mainiacjoe_overflow_two_lobes,
          serial_shops, shop_fountains, grunt_ministairs_7
D:4:      layout_basic, marbit_many_paths, gammafunk_temple_overflow_wave,
          nicolae_figureground_pulse, uniq_blork_the_orc
D:5:      layout_loops_corners, minmay_temple_entry_gardened_gates,
          serial_shops, nicolae_square_shop
D:6:      layout_basic, grunt_temple_overflow_gold_and_silver, serial_shops,
          shop, chequers_big_river
Temple:   hellmonk_temple_flake

Skill      XL: |  1  2  3  4  5  6  7  8 |
---------------+-------------------------+-----
Ranged Weapons | 5 6 7 9 10 | 10.1
Dodging        | 3 4 5 6 |  6.7
Fighting       | |  2.0
Stealth        | |  1.0

Action                     |  1- 3 |  4- 6 |  7- 9 || total
---------------------------+-------+-------+-------++-------
   Fire: Shortbow          |    86 |   158 |   167 ||   411
  Throw: Dart              |     2 |     2 |       ||     4
    Use: Scroll            |     3 |     8 |     1 ||    12
         Potion            |     1 |       |       ||     1
 Armour: Leather armour    |    17 |     4 |       ||    21
         Quicksilver drago |       |    20 |    36 ||    56
  Dodge: Dodged            |    25 |    48 |    75 ||   148

Table legend: (Time is in decaauts)
 A = Elapsed time spent in this place.
 B = Non-inter-level travel time spent in this place.
 C = Inter-level travel time spent in this place.
 D = Time resting spent in this place.
 E = Time spent auto-exploring this place.
 F = Levels seen in this place.
 G = Mean time per level.
                   A        B        C        D        E       F      G
               +--------+--------+--------+--------+--------+-----+--------+
         Total |   4917 |   4641 |    276 |    286 |   3420 |   7 |  702.4 |
       Dungeon |   4754 |   4486 |    268 |    286 |   3301 |   6 |  792.3 |
        Temple |    162 |    155 |      7 |      0 |    119 |   1 |  162.0 |
               +--------+--------+--------+--------+--------+-----+--------+

Top non-repeatable levels by time:
     D:5: 1162 daAuts
     D:1: 811 daAuts
     D:2: 800 daAuts
     D:3: 753 daAuts
     D:4: 701 daAuts
     D:6: 524 daAuts
  Temple: 162 daAuts
